AoeStats
← Castriniti

Arabia

509523898Analyzed
2v2 RM · 6d ago on Sep 27, 2026· 25m 37s· 4 players
Game mode
Random Map
Map size
Medium (4 player)
Population
200
Speed
Normal
Resources
Standard
Victory
Conquest
Starting age
Dark Age
Ending age
Imperial Age
RankedLock teamsTeams togetherTeam positionsShared explorationLock speedFull tech treeHidden civsTurbo modeCheats
Victory
Defeat
🇨🇴 Persians · Colombia
698
+16
🇨🇴 Cumans · Colombia
579
+17
🇺🇸 Danes · United States
640
-16
🇺🇸 Saxons · United States
559
-13
esteb420
12:16 Feudal Age
21:46 Castle Age
20:54 Wheelbarrow
20:53 Double-Bit Axe
20:54 Horse Collar
25:05 Bloodlines
25:12 Forging
25:03 Scale Mail Armor
25:55 Scale Barding Armor
26:10 Hand Cart
Castriniti
14:05 Feudal Age
14:28 Man-at-Arms
21:58 Horse Collar
25:17 Wheelbarrow
Reaper_Scythes
11:47 Feudal Age
16:38 Double-Bit Axe
19:55 Horse Collar
20:18 Scale Mail Armor
20:29 Forging
20:10 Fletching
20:16 Stone Mining
20:20 Gold Mining
20:23 Loom
21:14 Wheelbarrow
20:25 Town Watch
22:55 Castle Age
21:38 Wheelbarrow
20:48 Town Watch
Rufio
5:11 Loom
10:51 Feudal Age
15:35 Fletching
20:58 Castle Age
19:12 Double-Bit Axe
19:13 Horse Collar
19:51 Stone Mining
19:58 Gold Mining
20:37 Scale Mail Armor
21:31 Forging
21:22 Arson
Connection lost

Rejoining the realm…

Still unreachable

The connection could not be restored.

Session expired

The server has moved on; the page needs a fresh start.